 Dungeon Crawl Stone Soup version 0.26-a0-1191-ge2a0e31ab3 (webtiles) character file.

Game seed: 3651888853252710415

61627 dickylongcocking the Eclecticist (level 14, -45/72 HPs)
             Began as a Spriggan Venom Mage on Dec 28, 2020.
             Was the Champion of Kikubaaqudgha.
             Killed from afar by Jorgrun (67 damage)
             ... with an iron shot
             ... on level 2 of the Orcish Mines.
             The game lasted 00:37:09 (25934 turns).

dickylongcocking the Eclecticist (SpVM)            Turns: 25934, Time: 00:37:09

Health: -45/72     AC:  9    Str:  4    XL:     14   Next: 61%
Magic:  24/44      EV: 23    Int: 21    God:    Kikubaaqudgha [******]
Gold:   1784       SH:  0    Dex: 17    Spells: 10/45 levels left

rFire    + . .     SeeInvis +   c - staff of poison
rCold    . . .     Faith    +   (shield currently unavailable)
rNeg     . . .     Spirit   .   w - +1 robe of Integrity {rPois rC+ MP+9}
rPois    +         Reflect  .   F - +1 hat
rElec    .         Harm     .   A - +0 cloak
rCorr    .         Rampage  .   (gloves unavailable)
Will     ++...                  (boots unavailable)
Stlth    ++........             j - amulet of faith
HPRegen  0.22/turn              f - ring of fire
MPRegen  0.29/turn              n - +4 ring of protection

@: radiating poison, grasped by roots, constricted, very quick
A: very small, unfitting armour, see invisible, speed 3
a: Renounce Religion, Receive Corpses, Torment, Brand Weapon With Pain, Receive
Necronomicon


You were on level 2 of the Orcish Mines.
You worshipped Kikubaaqudgha.
Kikubaaqudgha was exalted by your worship.
You visited 2 branches of the dungeon, and saw 17 of its levels.

You collected 2573 gold pieces.
You spent 789 gold pieces at shops.

Inventory:

Hand Weapons
 h - a +1 dagger
 O - a +3 dagger
Armour
 a - a +0 robe
 w - the +1 robe of Integrity (worn) {rPois rC+ MP+9}
   (You found it on level 8 of the Dungeon)

   It protects you from cold.
   It protects you from poison.
   It affects your magic capacity (+9).
 A - a +0 cloak (worn)
 B - a +2 robe of resistance
 F - a +1 hat (worn)
Magical Staves
 c - an uncursed staff of poison (weapon)
Jewellery
 f - a ring of fire (left hand)
 i - an uncursed ring of resist corrosion
 j - an amulet of faith (around neck)
 n - a +4 ring of protection (right hand)
 q - an uncursed ring of flight
 t - an uncursed ring of willpower
 u - an uncursed ring of positive energy
 v - an uncursed ring of poison resistance
 I - the ring of Aczoturi {+Fly rPois rC+ Dex+2}
   (You found it on level 10 of the Dungeon)

   [ring of flight]

   It affects your dexterity (+2).
   It protects you from cold.
   It protects you from poison.
   It lets you fly.
 J - an uncursed ring of attention
Wands
 l - a wand of paralysis (8)
 C - a wand of acid (3)
Scrolls
 g - 5 scrolls of amnesia
 m - 2 scrolls of enchant weapon
 p - 4 scrolls of remove curse
 s - 3 scrolls of immolation
 x - 4 scrolls of teleportation
 y - a scroll of torment {unknown}
 G - 3 scrolls of silence
 L - 3 scrolls of magic mapping
 N - a scroll of vulnerability
 Q - a scroll of holy word {unknown}
 R - a scroll of brand weapon
Potions
 d - 3 potions of lignification {unknown}
 e - 3 potions of degeneration {unknown}
 k - 2 potions of resistance
 o - a potion of berserk rage
 r - 5 potions of flight {unknown}
 z - 2 potions of magic {unknown}
 D - 2 potions of brilliance {unknown}
 E - 4 potions of curing
 K - a potion of invisibility {unknown}
 M - 3 potions of attraction {unknown}
 P - 2 potions of might {unknown}
Miscellaneous
 H - a lightning rod (4/4)


   Skills:
 * Level 7.6 Fighting
 * Level 10.1 Dodging
 - Level 3.0 Stealth
 * Level 16.0 Spellcasting
 * Level 12.9 Necromancy
 - Level 8.0 Transmutations
 * Level 4.4 Ice Magic
 - Level 2.5 Air Magic
 - Level 7.0 Poison Magic
 * Level 9.2 Evocations


You had 10 spell levels left.
You knew the following spells:

 Your Spells              Type           Power        Failure   Level
a - Sting                 Tmut/Pois      100%         1%          1
b - Corpse Rot            Necr/Air       N/A          1%          2
c - Dispel Undead         Necr           63%          1%          4
d - Olgreb's Toxic Radia  Pois           62%          1%          4
e - Death Channel         Necr           31%          2%          6
f - Animate Dead          Necr           31%          1%          4
g - Simulacrum            Ice/Necr       26%          16%         6
i - Ignite Poison         Fire/Tmut/Pois 71%          1%          3
p - Poisonous Vapours     Pois/Air       100%         1%          2
x - Mephitic Cloud        Conj/Pois/Air  45%          2%          3

Your spell library contained the following spells:

 Spells                   Type           Power        Failure   Level
 Animate Skeleton         Necr           100%         1%          1
 Pain                     Necr           100%         1%          1
 Sublimation of Blood     Necr           31%          1%          2
 Vampiric Draining        Necr           31%          1%          3
 Agony                    Necr           63%          1%          5
 Excruciating Wounds      Necr           31%          1%          5
 Petrify                  Tmut/Erth      33%          7%          4
 Confusing Touch          Hex            16%          11%         3
 Gell's Gravitas          Tloc           8%           11%         3
 Yara's Violent Unravell  Hex/Tmut       16%          19%         5
 Metabolic Englaciation   Hex/Ice        13%          36%         5


Dungeon Overview and Level Annotations

Branches:
Dungeon (15/15)            Temple (0/1) D:5            Lair (0/6) D:9
    Orc (2/2) D:11            Elf (0/3) Orc:2        Vaults (0/5) D:14
 Depths (0/5) D:15

Altars:
Cheibriados
Dithmenos
Elyvilon
Gozag
Kikubaaqudgha
Makhleb
Qazlal
Ru
Sif Muna
Uskayaw
Yredelemnul
Beogh

Shops:
D:6 [   D:11 [(   D:12 :   D:14 (   Orc:2 [:*(

Annotations:
Orc:2 Jorgrun


Innate Abilities, Weirdness & Mutations

You are very small and have problems with some larger weapons.
You are too small for most types of armour.
You have supernaturally acute eyesight. (SInv)
You cover ground extremely quickly.


Message History

Okay, then.
Okay, then.
Unknown command.
Evoke which item? (* to show all) (? for menu, Esc to quit)
Aiming: Corrosive Bolt
Press: ? - help, Shift-Dir - straight line, f - Jorgrun
Aim: Jorgrun, wielding a staff of earth and wearing a +1 robe of resistance (severely wounded, poisoned, 43% to evade) Really fire in your ogre zombie's direction?
The bolt of acid hits your ogre zombie!!
Your ogre zombie is splashed with acid.
You destroy your ogre zombie!
The bolt of acid hits Jorgrun!
Jorgrun is splashed with acid.
The acid corrodes Jorgrun!
Jorgrun is severely wounded.
Jorgrun looks even sicker.
Jorgrun gestures at you while chanting. The iron shot hits you!!!
Ouch! That really hurt!
You die...
Kikubaaqudgha rasps: "You have failed me!
Welcome... death!"

*,.........#...###8...8###...#
**.........#∩.####.....#*##.∩#
*,.........####..#.....#,,####
**,.....................#,,,,,,
*,,..........................,#
*,,,.........................#.
*,,,#..........................
*,,,...........................
**,,......g...@................
**,,.......Z...................
*,,,,..........................
**,,,,,........................
*,,,,,,........................
**,**,,........................
****,,........................
****,,........................
**,*,*,,,,,,,,,,,,,,*,.........


You could see Jorgrun (very poisoned, corroded) and a friendly ogre zombie.

Vanquished Creatures
  Frances (D:13)
  Donald (Orc:2)
  An orc warlord (Orc:2)
  2 ogre magi
  2 hydras
  3 boulder beetles
  7 centaur warriors
  13 two-headed ogres
  3 orc high priests
  A deep elf knight (D:15)
  Nergalle (D:11)
  3 unseen horrors
  6 orc knights
  A deep elf mage (D:14)
  3 cyclopes
  2 oklob plants (D:11)
  3 orc sorcerers
  13 ugly things
  3 manticores
  A salamander (D:15)
  Joseph (D:8)
  A gargoyle (D:12)
  A centaur skeleton (D:14)
  A komodo dragon (D:13)
  An efreet (D:14)
  A tengu conjurer (D:13)
  6 trolls
  A harpy skeleton (D:15)
  A dream sheep (shapeshifter) (D:15)
  2 meliai zombies
  2 wyverns
  2 shadows
  2 wraiths
  14 yaks
  2 basilisks
  11 vampire mosquitoes
  Grum (D:8)
  Edmund (D:6)
  A warg (D:14)
  A water moccasin (D:10)
  An acid dragon (D:14)
  A floating eye (D:11)
  5 sky beasts
  2 black bears
  2 eyes of draining
  40 orc warriors
  3 ice beasts
  8 ogres
  3 phantoms
  2 wolves (D:8)
  15 centaurs
  5 bullfrogs
  A wyvern zombie (D:14)
  A gnoll sergeant (D:7)
  2 wyvern skeletons
  6 scorpions
  14 killer bees
  11 howler monkeys
  17 wights
  2 jellies
  2 centaur zombies
  A quasit (D:12)
  5 bullfrog zombies
  5 hounds
  19 orc priests
  A bullfrog skeleton (D:12)
  2 gnoll shamans (D:5)
  3 iguanas
  20 orc wizards
  9 worker ants
  A killer bee zombie (D:6)
  3 hound zombies
  A worker ant zombie (D:5)
  21 gnolls
  14 adders
  2 shadow imps
  2 white imps (D:8)
  3 ufetubi (D:8)
  An ooze (D:2)
  2 adder zombies
  2 worms
  2 dart slugs
  4 leopard geckos
  65 orcs
  10 bats
  2 bat zombies (D:3)
  5 giant cockroaches
  9 goblins
  6 hobgoblins
  14 jackals
  4 quokkas
  3 ball pythons
  8 frilled lizards
  10 kobolds
  A leopard gecko zombie (D:6)
  2 quokka skeletons
  A quokka zombie (D:9)
  4 rats
533 creatures vanquished.

Vanquished Creatures (collateral kills)
  2 two-headed ogres (Orc:1)
  2 dancing weapons (D:14)
  A wolf spider (D:15)
  2 wargs
  2 orc warriors (Orc:1)
  An ogre (Orc:1)
  A hound (D:11)
  An orc wizard (Orc:1)
  2 orcs (Orc:1)
14 creatures vanquished.

Vanquished Creatures (others)
  15 plants
15 creatures vanquished.

Grand Total: 562 creatures vanquished

Notes
Turn   | Place    | Note
-------+----------+-------------------------------------------
     0 | D:1      | dickylongcocking the Spriggan Venom Mage began the quest
                  | for the Orb.
     0 | D:1      | Reached XP level 1. HP: 9/9 MP: 5/5
   259 | D:1      | Reached XP level 2. HP: 13/13 MP: 3/6
   666 | D:1      | Reached XP level 3. HP: 9/16 MP: 0/8
  1433 | D:2      | Reached skill level 5 in Transmutations
  1452 | D:2      | Reached XP level 4. HP: 21/21 MP: 3/9
  1469 | D:2      | Learned a level 3 spell: Ignite Poison
  1785 | D:2      | Learned a level 2 spell: Poisonous Vapours
  2539 | D:2      | Reached XP level 5. HP: 24/24 MP: 5/10
  2675 | D:2      | Found a stormy altar of Qazlal.
  2675 | D:2      | Found a shimmering blue altar of Sif Muna.
  3366 | D:3      | Found an ancient bone altar of Kikubaaqudgha.
  3374 | D:3      | Became a worshipper of Kikubaaqudgha
  3613 | D:3      | Reached skill level 1 in Necromancy
  3909 | D:3      | Noticed a +0 dagger
  3910 | D:3      | Noticed a +0 hand axe
  3912 | D:3      | Found a hide-covered altar of Uskayaw.
  4055 | D:4      | Reached XP level 6. HP: 28/28 MP: 3/11
  4259 | D:4      | Reached * piety under Kikubaaqudgha
  4259 | D:4      | Identified Kikubaaqudgha's Disquisition on Sinister Secrets
                  | (Kikubaaqudgha gifted it to you on level 4 of the Dungeon)
  4259 | D:4      | Received a gift from Kikubaaqudgha
  4351 | D:4      | Found a shadowy altar of Dithmenos.
  4775 | D:5      | Entered Level 5 of the Dungeon
  4814 | D:5      | Found a staircase to the Ecumenical Temple.
  4918 | D:5      | Learned a level 2 spell: Corpse Rot
  5076 | D:5      | Found a burning altar of Makhleb.
  5093 | D:5      | Reached XP level 7. HP: 32/32 MP: 1/12
  5277 | D:5      | Reached skill level 5 in Poison Magic
  6366 | D:5      | Reached skill level 3 in Spellcasting
  6366 | D:5      | Reached skill level 1 in Air Magic
  6649 | D:5      | Learned a level 3 spell: Mephitic Cloud
  6658 | D:6      | Reached XP level 8. HP: 36/36 MP: 5/13
  7016 | D:6      | Noticed Edmund
  7027 | D:6      | Killed Edmund
  7027 | D:6      | Reached ** piety under Kikubaaqudgha
  7412 | D:6      | Found Reqio's Armour Boutique.
  7498 | D:6      | Reached skill level 4 in Spellcasting
  7648 | D:6      | Bought a +1 robe of resistance for 359 gold pieces
  8363 | D:7      | Found a sacrificial altar of Ru.
  8420 | D:7      | Found a white marble altar of Elyvilon.
  8458 | D:7      | Reached skill level 5 in Spellcasting
  8590 | D:7      | Found an opulent altar of Gozag.
  8860 | D:7      | Reached skill level 5 in Necromancy
  9081 | D:7      | Reached skill level 6 in Spellcasting
  9555 | D:7      | Reached XP level 9. HP: 35/39 MP: 3/19
  9787 | D:7      | Found a snail-covered altar of Cheibriados.
 10108 | D:8      | Got a sheer robe
 10128 | D:7      | Identified the cursed +1 robe of Integrity {rPois rC+ MP+9}
                  | (You found it on level 8 of the Dungeon)
 10264 | D:8      | Reached skill level 7 in Spellcasting
 10278 | D:8      | Reached *** piety under Kikubaaqudgha
 10278 | D:8      | Identified Kikubaaqudgha's Catalogue of Sinister Arts
                  | (Kikubaaqudgha gifted it to you on level 8 of the Dungeon)
 10278 | D:8      | Received a gift from Kikubaaqudgha
 10302 | D:7      | Learned a level 4 spell: Dispel Undead
 10700 | D:8      | Identified the cursed +1 chain mail of Death Resistance
                  | {Harm}
 11090 | D:8      | Reached skill level 8 in Spellcasting
 11143 | D:8      | Noticed Joseph
 11165 | D:8      | Killed Joseph
 11180 | D:8      | Noticed Grum
 11203 | D:8      | Killed Grum
 11204 | D:8      | Reached skill level 9 in Spellcasting
 11711 | D:9      | Reached **** piety under Kikubaaqudgha
 11717 | D:9      | Learned a level 4 spell: Olgreb's Toxic Radiance
 11725 | D:9      | Reached XP level 10. HP: 43/44 MP: 10/24
 12419 | D:9      | Found a staircase to the Lair.
 12451 | D:9      | Identified a scroll of acquirement
 12452 | D:9      | Acquired an uncursed staff of poison
 12481 | D:9      | Reached skill level 10 in Spellcasting
 13149 | D:10     | Entered Level 10 of the Dungeon
 13247 | D:10     | Found a basalt altar of Yredelemnul.
 13448 | D:10     | Noticed a two-headed ogre
 13459 | D:10     | Killed a two-headed ogre
 13549 | D:10     | Reached skill level 11 in Spellcasting
 13618 | D:10     | Noticed a two-headed ogre
 13624 | D:10     | Killed a two-headed ogre
 13673 | D:10     | Noticed an unseen horror
 13676 | D:10     | Killed an unseen horror
 13676 | D:10     | Reached ***** piety under Kikubaaqudgha
 13777 | D:10     | Got a pitted bronze ring
 14095 | D:11     | Noticed Nergalle
 14101 | D:11     | Killed Nergalle
 14102 | D:11     | Reached XP level 11. HP: 47/47 MP: 22/27
 14298 | D:11     | Reached skill level 12 in Spellcasting
 14659 | D:11     | Found Wiurud's Weapon Emporium.
 14663 | D:11     | Found a staircase to the Orcish Mines.
 14665 | D:11     | Found Ukaqopp's Armour Emporium.
 14665 | D:11     | Noticed a five-headed hydra
 14697 | D:11     | Killed a five-headed hydra
 14698 | D:11     | Reached skill level 10 in Necromancy
 14707 | D:11     | Learned a level 6 spell: Death Channel
 14712 | D:11     | Learned a level 4 spell: Animate Dead
 14969 | D:11     | Noticed a two-headed ogre
 14977 | D:11     | Killed a two-headed ogre
 15170 | D:11     | Reached skill level 13 in Spellcasting
 15388 | D:11     | Noticed an oklob plant
 15392 | D:11     | Identified the ring of Aczoturi {+Fly rPois rC+ Dex+2} (You
                  | found it on level 10 of the Dungeon)
 15406 | D:11     | Noticed an oklob plant
 15407 | D:11     | Killed an oklob plant
 15408 | D:11     | Reached skill level 1 in Fighting
 15627 | D:11     | Killed an oklob plant
 16915 | D:12     | Noticed a two-headed ogre
 16940 | D:12     | Killed a two-headed ogre
 17066 | D:12     | Found Etootuhy's Book Emporium.
 17230 | D:13     | Noticed a centaur warrior
 17233 | D:13     | Reached XP level 12. HP: 53/56 MP: 25/30
 17233 | D:13     | Killed a centaur warrior
 17450 | D:13     | Noticed a centaur warrior
 17454 | D:13     | Killed a centaur warrior
 17460 | D:13     | Reached skill level 14 in Spellcasting
 17624 | D:13     | Found a shimmering blue altar of Sif Muna.
 17629 | D:13     | Reached ****** piety under Kikubaaqudgha
 17724 | D:13     | Noticed Frances
 17730 | D:13     | Noticed a centaur warrior
 17738 | D:13     | Killed Frances
 17740 | D:13     | Killed a centaur warrior
 17741 | D:13     | Reached skill level 5 in Fighting
 18056 | D:13     | Noticed a two-headed ogre
 18063 | D:13     | Killed a two-headed ogre
 18066 | D:13     | Acquired 756 gold pieces
 18185 | D:13     | Noticed a boulder beetle
 18190 | D:13     | Killed a boulder beetle
 18534 | D:14     | You fall into a shaft and drop 1 floor!
 18534 | D:15     | Entered Level 15 of the Dungeon
 18572 | D:15     | Reached skill level 5 in Dodging
 18580 | D:15     | Reached XP level 13. HP: 48/65 MP: 4/32
 18666 | D:15     | Reached skill level 5 in Evocations
 19208 | D:15     | Reached skill level 15 in Spellcasting
 19347 | D:15     | Learned a level 6 spell: Simulacrum
 19562 | D:15     | Found a staircase to the Depths.
 19574 | D:15     | Reached skill level 1 in Ice Magic
 21493 | D:14     | Found a gate to the Vaults.
 22126 | D:14     | Found Pinudun's Weapon Shoppe.
 22146 | D:14     | Found a shadowy altar of Dithmenos.
 22770 | D:14     | Reached XP level 14. HP: 52/70 MP: 22/34
 22955 | Orc:1    | Entered Level 1 of the Orcish Mines
 23017 | Orc:1    | Found a burning altar of Makhleb.
 24187 | Orc:2    | Entered Level 2 of the Orcish Mines
 24219 | Orc:2    | Noticed Donald
 24234 | Orc:2    | Killed Donald
 24431 | Orc:2    | Noticed Jorgrun
 24439 | Orc:2    | HP: 2/72 [Jorgrun/uncursed staff of earth (17)]
 24910 | Orc:2    | Found a staircase to the Elven Halls.
 25144 | Orc:2    | Noticed an orc warlord
 25150 | Orc:2    | Killed an orc warlord
 25390 | Orc:2    | Reached skill level 10 in Dodging
 25390 | Orc:2    | Reached skill level 16 in Spellcasting
 25681 | Orc:2    | Found a roughly hewn altar of Beogh.
 25694 | Orc:2    | Found Icixas's Antique Armour Shoppe.
 25698 | Orc:2    | Found Uttos's Book Shoppe.
 25714 | Orc:2    | Found Uhuosote's Antique Weapon Shoppe.
 25730 | Orc:2    | Found Koemaok's General Store.
 25738 | Orc:2    | Bought a potion of curing for 39 gold pieces
 25738 | Orc:2    | Bought a potion of heal wounds for 65 gold pieces
 25738 | Orc:2    | Bought a potion of resistance for 130 gold pieces
 25754 | Orc:2    | Bought a glowing hat for 196 gold pieces
 25934 | Orc:2    | Killed from afar by Jorgrun

Illustrated notes

Levels and vault maps discovered:
D:1:      dpeg_arrival_stone_temple_mockup, layout_basic, serial_bayou,
          serial_bayou_pond_d, serial_bayou_pond_d, serial_bayou_ford_a,
          serial_bayou_pond_e
D:2:      layout_basic, gammafunk_temple_overflow_wave, kennysheep_boxes
D:3:      layout_rooms, dancing_weapons_uskayaw,
          lemuel_zombie_altar_kikubaaqudgha
D:4:      layout_cave_pools, grunt_dithmenos_smoke_and_mirrors
D:5:      minmay_chambers_of_threes, layout_rooms, kennysheep_mini_moat,
          temple_hall
D:6:      layout_cave_pods, serial_shops, shop, uniq_edmund
D:7:      layout_loops_corners, elyvilon_altar_1,
          nicolae_overflow_crystal_walls, lemuel_round_altar,
          nicolae_gozag_seed_capital, kennysheep_opposing_triangles
D:8:      layout_basic, uniq_joseph, uniq_grum
D:9:      layout_irregular_city, dpeg_oklobed_lair
D:10:     layout_irregular_city, yredelemnul_altar_generic
D:11:     layout_small_grid, orc_david_3, disabler_island, uniq_nergalle
D:12:     layout_irregular_city, serial_shops, nicolae_shop_trees
D:13:     layout_cave_pools, basic_altar, uniq_frances
D:14:     layout_grid_maze, erik_vaults_1, serial_shops, shop, basic_altar,
          kennysheep_cross_room
D:15:     hangedman_depths_entry_try_elsewhere_first, layout_cave_pools,
          minivault_14, minivault_20
Orc:1:    layout_caves, basic_altar
Orc:2:    grunt_orc_cross, layout_diamond_mine, uniq_donald, uniq_jorgrun

Skill      XL: |  1  2  3  4  5  6  7  8  9 10 11 12 13 14 |
---------------+-------------------------------------------+-----
Transmutations | 2 4 5 6 7 8 |  8.0
Poison Magic   | 4 5 6 7 |  7.0
Necromancy     | 1 2 3 5 7 9 11 12 | 12.9
Spellcasting   | 3 6 9 11 13 14 15 16 | 16.0
Air Magic      | 1 2 |  2.5
Fighting       | 3 5 6 7 |  7.6
Evocations     | 4 7 9 |  9.2
Dodging        | 5 8 10 | 10.1
Ice Magic      | 3 4 |  4.4
Stealth        | |  3.0

Action                   |  1- 3 |  4- 6 |  7- 9 | 10-12 | 13-15 || total
-------------------------+-------+-------+-------+-------+-------++-------
Melee: Dagger            |    37 |    37 |    78 |     3 |    11 ||   166
       Staff             |       |       |       |    15 |     6 ||    21
 Cast: Sting             |    72 |    34 |   115 |    32 |    15 ||   268
       Poisonous Vapours |       |    56 |    74 |     4 |    21 ||   155
       Ignite Poison     |       |    11 |    69 |    97 |    96 ||   273
       Mephitic Cloud    |       |       |    14 |     9 |       ||    23
       Corpse Rot        |       |       |     1 |       |       ||     1
       Dispel Undead     |       |       |     5 |    44 |    21 ||    70
       Olgreb's Toxic Ra |       |       |     1 |    89 |    99 ||   189
       Animate Dead      |       |       |       |     3 |    11 ||    14
       Simulacrum        |       |       |       |       |    13 ||    13
       Death Channel     |       |       |       |       |     4 ||     4
Invok: Receive Corpses   |       |       |       |     2 |     9 ||    11
Evoke: Wand              |       |     3 |     9 |     8 |    12 ||    32
       Lightning rod     |       |       |       |     7 |     2 ||     9
  Use: Scroll            |       |       |     6 |    13 |     5 ||    24
       Potion            |       |       |       |     2 |     3 ||     5
 Stab: Sleeping          |     1 |     2 |     1 |       |     1 ||     5
       Paralysed         |       |       |     7 |     6 |    10 ||    23
       Distracted        |       |       |       |       |     1 ||     1
Armor: Robe              |     9 |    19 |    37 |    22 |     8 ||    95
Dodge: Dodged            |    76 |    77 |   145 |   118 |    90 ||   506

Table legend: (Time is in decaauts)
 A = Elapsed time spent in this place.
 B = Non-inter-level travel time spent in this place.
 C = Inter-level travel time spent in this place.
 D = Time resting spent in this place.
 E = Time spent auto-exploring this place.
 F = Levels seen in this place.
 G = Mean time per level.
                   A        B        C        D        E       F      G
               +--------+--------+--------+--------+--------+-----+--------+
         Total |  21693 |  21374 |    319 |   5151 |  13330 |  17 | 1276.1 |
       Dungeon |  19114 |  18805 |    309 |   3921 |  12409 |  15 | 1274.3 |
  Orcish Mines |   2578 |   2568 |     10 |   1230 |    920 |   2 | 1289.0 |
               +--------+--------+--------+--------+--------+-----+--------+

Top non-repeatable levels by time:
    D:14: 2318 daAuts
    D:11: 1655 daAuts
     D:5: 1636 daAuts
     D:2: 1557 daAuts
   Orc:2: 1556 daAuts
     D:7: 1493 daAuts
    D:15: 1441 daAuts
     D:6: 1339 daAuts
    D:13: 1203 daAuts
     D:9: 1149 daAuts
     D:8: 1146 daAuts
     D:1: 1087 daAuts
    D:12: 1038 daAuts
   Orc:1: 1022 daAuts
    D:10: 762 daAuts
